Map: Ephemeron LE

Players

Spy

  • Race: Zerg Zerg
  • League: Master
  • Spawn Location: 5:00

RocK - Winner!

  • Race: Zerg Zerg
  • League: Master
  • Spawn Location: 11:00

VOD

Have the link to the VOD?

Description

Time

  • Played on: Sept. 3, 2019, 10:37 p.m.
  • Length: 3:06
Show
View Real Time Build Order
Export as new Build Order

Spy Zerg 

Build Orders: Hatch First 

Get SALT Encoding   

  12  0:01  Drone  
  13  0:09  Drone  
  14  0:18  Drone, Extractor  
  15  0:38  Hatchery  
  15  0:42  Extractor  
  13  0:56  Spawning Pool  
  12  1:00  Drone  
  13  1:05  Drone  
  14  1:16  Overlord  
  14  1:42  Queen  
  14  1:43  Zergling x2  
  14  1:45  Metabolic Boost  
  17  1:50  Zergling x2  
  18  1:55  Zergling x2  
  19  2:08  Zergling x4  
Show
View Real Time Build Order
Export as new Build Order

RocK Zerg - Winner!

Build Orders: Pool Only 

Get SALT Encoding   

  12  0:18  Spawning Pool  
  11  0:26  Overlord  
  11  1:04  Zergling x2  
  11  1:05  Zergling x4  
  14  1:15  Zergling x2  
  15  1:26  Zergling x2  
  16  1:37  Zergling x2  
  17  1:47  Zergling x2  
  18  2:00  Spine Crawler  
  18  2:01  Spine Crawler  
Tags
 
Add a new tag
Caveats
  • Supply blocks, unpowered buildings, or Contaminate may cause inaccurate times.
  • Supply counts are checked every 10 seconds.